 Dungeon Crawl Stone Soup version 0.22.1-1-ga44c0e5 (webtiles) character file.

2899 geeseburger the Fighter (level 9, -1/90 HPs)
             Began as a Black Draconian Berserker on Oct 2, 2018.
             Was an Elder of Trog.
             Slain by a basilisk (8 damage)
             ... on level 9 of the Dungeon on Oct 5, 2018.
             The game lasted 00:23:31 (8065 turns).

geeseburger the Fighter (Black Draconian Berserker) Turns: 8065, Time: 00:23:32

Health: -1/90      AC:  7    Str: 20    XL:     9   Next: 49%
Magic:  9/9        EV:  2    Int:  7    God:    Trog [****..]
Gold:   360        SH:  0    Dex: 18    Spells: 8/8 levels left

rFire    . . .     SeeInvis .   b - +4 flail (protect)
rCold    . . .     Gourm    .   (no shield)
rNeg     + + +     Faith    +   (armour unavailable)
rPois    ∞         Spirit   .   (helmet restricted)
rElec    +         Reflect  .   j - scarf {repulsion}
rCorr    .         Harm     .   (no gloves)
MR       .....                  (no boots)
Stlth    ++........             o - amulet of faith
HPRegen  0.25/turn              r - ring of flight
MPRegen  0.11/turn              s - +4 ring of dexterity

@: petrified, repel missiles
A: breathe lightning, unfitting armour, electricity resistance, cold-blooded, AC
+7
a: Breathe Lightning, Berserk, Trog's Hand, Brothers in Arms, Renounce Religion,
Evoke Flight


You were on level 9 of the Dungeon.
You worshipped Trog.
Trog was greatly pleased with you.
You were not hungry.

You visited 1 branch of the dungeon, and saw 8 of its levels.

You collected 360 gold pieces.

Inventory:

Hand Weapons
 b - a +4 flail of protection (weapon)
 m - a +4 whip
Armour
 j - a scarf of repulsion (worn)
Jewellery
 o - an amulet of faith (around neck)
 r - a ring of flight (left hand)
 s - a +4 ring of dexterity (right hand)
Wands
 l - a wand of scattershot (5)
 n - a wand of clouds (6)
 p - a wand of disintegration (16)
 u - a wand of paralysis (21)
Scrolls
 c - 2 scrolls of immolation
 g - 4 scrolls of remove curse
 q - 5 scrolls of teleportation
 v - 2 scrolls of vulnerability {unknown}
 x - a scroll of brand weapon {unknown}
 y - a scroll of random uselessness {unknown}
Potions
 d - 3 potions of lignification
 e - 7 potions of curing
 h - 2 potions of might
 i - a potion of brilliance
 k - 3 potions of agility
 t - a potion of magic {unknown}
 w - a potion of flight {unknown}
Comestibles
 a - 2 rations


   Skills:
 * Level 12.0 Fighting
   Level 3.0 Long Blades
 + Level 7.5 Dodging


You had 8 spell levels left.
You didn't know any spells.
Your spell library was empty.

Dungeon Overview and Level Annotations

Branches:
Dungeon (7/15)             Temple (0/1) D:6            Lair (0/6) D:9

Altars:
Dithmenos
Fedhas
Hepliaklqana


Innate Abilities, Weirdness & Mutations

You can breathe wild blasts of lightning.
Your glossy black scales are hard. (AC +7)
You cannot fit into any form of body armour.
You are resistant to electric shocks. (rElec)
You are cold-blooded and may be slowed by cold attacks.


Message History

The basilisk is heavily wounded.
The basilisk gazes at you.
You are slowing down.
The basilisk bites you!
You closely miss the basilisk.
The basilisk is heavily wounded.
The basilisk bites you!!
* * * LOW HITPOINT WARNING * * *
The basilisk bites you!
* * * LOW HITPOINT WARNING * * *
You have turned to stone.
The basilisk bites you. The basilisk bites you!
* * * LOW HITPOINT WARNING * * *
The basilisk bites you!
* * * LOW HITPOINT WARNING * * *
The basilisk bites you.
* * * LOW HITPOINT WARNING * * *
The basilisk bites you!
You die...

.......>.......#
...........P..##
#........P..## #
##.........##
#.####.....###
..........##
.........##
.........##
......l@..#
.......<........
..............#.
........##...##
..%...### ...#
...### ...# ###
..## .#


You could see a basilisk.

Vanquished Creatures
  Prince Ribbit (D:5)
  A basilisk (D:9)
  3 orc warriors
  3 ogres
  A phantom (D:7)
  5 centaurs
  A big kobold (D:9)
  4 bullfrogs
  A howler monkey (D:4)
  A crimson imp (D:6)
  3 hounds
  A jelly (D:7)
  A centaur skeleton (D:6)
  2 bullfrog skeletons
  A gnoll shaman (D:2)
  An orc priest (D:3)
  Terence (D:2)
  5 orc wizards
  10 worker ants
  2 hound zombies
  A howler monkey zombie (D:6)
  Robin (D:2)
  11 adders
  4 gnolls (D:2)
  2 adder zombies (D:7)
  An ooze (D:7)
  2 adder skeletons
  5 worms
  A dart slug (D:4)
  A leopard gecko (D:4)
  15 orcs
  A ball python (D:1)
  6 giant cockroaches
  11 goblins
  14 hobgoblins
  7 jackals
  10 kobolds
  A quokka (D:4)
  5 bats
  6 frilled lizards
  A jackal skeleton (D:4)
  A quokka skeleton (D:4)
  6 rats
161 creatures vanquished.

Vanquished Creatures (collateral kills)
  An elephant (D:9)
1 creature vanquished.

Vanquished Creatures (others)
  A fungus (D:9)
1 creature vanquished.

Grand Total: 163 creatures vanquished

Notes
Turn   | Place    | Note
-------+----------+-------------------------------------------
     0 | D:1      | geeseburger the Draconian Berserker began the quest for the
                  | Orb.
     0 | D:1      | Reached XP level 1. HP: 19/19 MP: 1/1
   165 | D:1      | Reached XP level 2. HP: 24/27 MP: 2/2
   390 | D:1      | Reached skill level 4 in Fighting
   655 | D:2      | Reached ** piety under Trog
   655 | D:2      | Reached XP level 3. HP: 31/33 MP: 3/3
   913 | D:2      | Noticed Terence
   955 | D:2      | Killed Terence
  1104 | D:2      | Reached XP level 4. HP: 28/41 MP: 4/4
  1277 | D:2      | Noticed Robin
  1284 | D:2      | Killed Robin
  1284 | D:2      | Reached skill level 5 in Fighting
  1459 | D:2      | Reached XP level 5. HP: 48/48 MP: 5/5
  1684 | D:3      | Reached skill level 6 in Fighting
  2057 | D:3      | Reached *** piety under Trog
  2058 | D:3      | Found a shadowy altar of Dithmenos.
  2191 | D:3      | Found a hazy altar of Hepliaklqana.
  2264 | D:3      | Reached XP level 6. HP: 51/58 MP: 6/6
  2607 | D:4      | Reached skill level 7 in Fighting
  3188 | D:4      | Your scales start taking on a glossy black colour.
  3188 | D:4      | Reached XP level 7. HP: 52/66 MP: 7/7
  3188 | D:4      | Gained mutation: You are resistant to electric shocks.
                  | (rElec) [Black Draconian growth]
  3784 | D:4      | Reached skill level 8 in Fighting
  3784 | D:4      | Reached skill level 5 in Dodging
  4020 | D:5      | Entered Level 5 of the Dungeon
  4020 | D:5      | Noticed Prince Ribbit
  4095 | D:5      | Killed Prince Ribbit
  4380 | D:5      | Reached skill level 9 in Fighting
  4380 | D:5      | Reached XP level 8. HP: 67/78 MP: 8/8
  4488 | D:5      | Found a blossoming altar of Fedhas.
  5593 | D:6      | Found a staircase to the Ecumenical Temple.
  5937 | D:6      | Reached skill level 10 in Fighting
  6008 | D:6      | Reached **** piety under Trog
  6688 | D:7      | Reached XP level 9. HP: 84/86 MP: 9/9
  6759 | D:7      | Reached skill level 11 in Fighting
  7252 | D:7      | You fall through a shaft for 2 floors!
  7654 | D:9      | Found a staircase to the Lair.
  8021 | D:9      | Noticed an elephant
  8030 | D:9      | Killed an elephant
  8030 | D:9      | Reached skill level 12 in Fighting
  8065 | D:9      | Slain by a basilisk

Skill      XL: |  1  2  3  4  5  6  7  8  9 |
---------------+----------------------------+-----
Fighting       | 4 5 6 7 9 10 12 | 12.0
Dodging        | 3 4 5 6 7 |  7.5
Long Blades    | |  3.0

Action                   |  1- 3 |  4- 6 |  7- 9 || total
-------------------------+-------+-------+-------++-------
Melee: Falchion          |    86 |       |       ||    86
       Tailslap          |     9 |    38 |    40 ||    87
       Flail             |    12 |   226 |   295 ||   533
Invok: Berserk           |     1 |     1 |       ||     2
       Trog's Hand       |     1 |     1 |     4 ||     6
       Brothers in Arms  |       |       |     1 ||     1
 Abil: Breathe Lightning |       |       |     3 ||     3
  Use: Scroll            |     4 |     6 |     7 ||    17
       Potion            |     1 |     1 |     1 ||     3
 Stab: Sleeping          |       |       |     2 ||     2
  Eat: Ration            |     1 |     2 |     6 ||     9
Armor: Skin              |    35 |    90 |   131 ||   256
Dodge: Dodged            |    88 |   196 |   358 ||   642
       Deflected         |       |       |    12 ||    12
       Rpst.: Falchion   |    28 |       |       ||    28
